 Dungeon Crawl Stone Soup version 0.25.1-8-g42b30a86e7 (webtiles) character file.

Game seed: 17712744844929789542

155093 DearestLeader the Gelid (level 17, -35/102 HPs)
             Began as a Gargoyle Ice Elementalist on Dec 10, 2020.
             Was a High Priest of Vehumet.
             Killed from afar by a wizard (38 damage)
             ... with a crystal spear
             ... on level 1 of the Vaults on Dec 11, 2020.
             The game lasted 01:56:34 (38681 turns).

DearestLeader the Gelid (GrIE)                     Turns: 38681, Time: 01:56:35

Health: -35/102    AC: 26    Str: 12    XL:     17   Next: 34%
Magic:  13/34      EV: 20    Int: 32    God:    Vehumet [*****.]
Gold:   1431       SH:  4    Dex: 10    Spells: 14/42 levels left

rFire    + . .     SeeInvis .   s - +1 demon whip (elec)
rCold    . . .     Gourm    .   y - +0 buckler
rNeg     + . .     Faith    .   R - +1 robe {rF+}
rPois    ∞         Spirit   .   Y - +2 helmet {Int+3}
rElec    +         Reflect  .   t - +2 cloak
rCorr    .         Harm     .   a - +2 pair of gloves
MR       ++...                  N - +1 pair of boots
Stlth    ++........             (no amulet)
HPRegen  0.27/turn              n - +4 ring of evasion
MPRegen  0.24/turn              U - +6 ring of intelligence

@: no potions, flying
A: big wings, magic resistance 1, negative energy resistance 1, electricity
resistance, unbreathing, petrification resistance, rot immunity, AC +12
}: 1/15 runes: decaying
a: Stop Flying, Renounce Religion


You were on level 1 of the Vaults.
You worshipped Vehumet.
Vehumet was extremely pleased with you.
You were near starving.

You visited 6 branches of the dungeon, and saw 29 of its levels.
You also visited: Ice Cave.

You collected 3042 gold pieces.
You spent 1611 gold pieces at shops.

Inventory:

Hand Weapons
 f - a +1 hunting sling of flaming
 s - a +1 demon whip of electrocution (weapon)
 E - a +1 dagger of venom
Missiles
 C - 111 sling bullets
Armour
 a - a +2 pair of gloves (worn)
 t - a +2 cloak (worn)
 y - a +0 buckler (worn)
 N - a +1 pair of boots (worn)
 R - a +1 robe of fire resistance (worn)
 S - a +0 robe of magic resistance
 Y - a +2 helmet of intelligence (worn)
Jewellery
 k - an uncursed ring of ice
 n - a +4 ring of evasion (left hand)
 p - an uncursed amulet of faith
 U - a +6 ring of intelligence (right hand)
Wands
 j - a wand of random effects (17)
 w - a wand of paralysis (19)
 A - a wand of acid (5)
 G - a wand of flame (62)
 H - a wand of digging (3)
 J - a wand of clouds (6)
 L - a wand of iceblast (24)
 V - a wand of polymorph (14)
 Z - a wand of enslavement (9)
Scrolls
 b - 4 scrolls of enchant armour
 d - 8 scrolls of amnesia
 i - 12 scrolls of teleportation
 m - 5 scrolls of fog
 r - 3 scrolls of fear
 u - a scroll of enchant weapon
 x - 14 scrolls of remove curse
 B - 3 scrolls of blinking
 D - 6 scrolls of immolation
 F - a scroll of magic mapping
Potions
 e - 11 potions of curing
 g - 3 potions of ambrosia
 h - 4 potions of resistance
 l - 4 potions of brilliance
 o - 4 potions of berserk rage
 q - 4 potions of stabbing
 v - 2 potions of haste {unknown}
 z - 5 potions of might {unknown}
 I - 6 potions of heal wounds
 K - a potion of mutation
 M - 2 potions of invisibility {unknown}
 Q - a potion of cancellation {unknown}
 X - 3 potions of lignification {unknown}
Comestibles
 c - 36 rations


   Skills:
 - Level 10.0 Fighting
 * Level 7.3 Maces & Flails
 + Level 8.5 Dodging
 - Level 2.1 Stealth
 - Level 4.4 Shields
 + Level 13.2 Spellcasting
 + Level 14.7 Conjurations
 - Level 3.1 Hexes
 - Level 4.0 Summonings
 * Level 16.6 Ice Magic


You had 14 spell levels left.
You knew the following spells:

 Your Spells              Type           Power        Failure   Level  Hunger
a - Freeze                Ice            ####         0%          1    None
b - Frozen Ramparts       Ice            ######       0%          3    None
c - Summon Ice Beast      Ice/Summ       ######..     1%          4    None
d - Hailstorm             Conj/Ice       #######.     1%          4    None
e - Fulminant Prism       Conj/Hex       ######....   1%          4    None
f - Freezing Cloud        Conj/Ice/Air   ######....   1%          6    ####...
g - Ozocubu's Refrigerat  Ice            #######...   1%          6    ####...

Your spell library contained the following spells:

 Spells                   Type           Power        Failure   Level  Hunger
 Lightning Bolt           Conj/Air       ######....   1%          5    None
 Magic Dart               Conj           ####         0%          1    None
 Searing Ray              Conj           ######       0%          2    None
 Foxfire                  Conj/Fire      ####         1%          1    None
 Confusing Touch          Hex            #####...     1%          3    None
 Conjure Flame            Conj/Fire      ######..     1%          3    None
 Dazzling Flash           Conj/Hex       ######       1%          3    None
 Inner Flame              Hex/Fire       ####....     1%          3    None
 Mephitic Cloud           Conj/Pois/Air  ######..     1%          3    None
 Ozocubu's Armour         Chrm/Ice       ######..     1%          3    None
 Ice Form                 Ice/Tmut       ######..     1%          4    None
 Iskenderun's Mystic Bla  Conj/Tloc      ######..     1%          4    None
 Sticky Flame             Conj/Fire      ######..     1%          4    None
 Fireball                 Conj/Fire      ######....   1%          5    None
 Iskenderun's Battlesphe  Conj/Chrm      ######..     1%          5    None
 Metabolic Englaciation   Hex/Ice        ######....   1%          5    None
 Beastly Appendage        Tmut           ###...       2%          1    None
 Infusion                 Chrm           ###.         2%          1    None
 Bolt of Magma            Conj/Fire/Erth ######....   2%          5    None
 Blink                    Tloc           N/A          3%          2    None
 Poisonous Vapours        Pois/Air       ###...       3%          2    None
 Shroud of Golubria       Chrm/Tloc      ###...       3%          2    None
 Song of Slaying          Chrm           ###.....     3%          2    None
 Sticks to Snakes         Tmut           ###.....     3%          2    None
 Spectral Weapon          Hex/Chrm       ####....     3%          3    None
 Iron Shot                Conj/Erth      ######....   4%          6    ####...
 Starburst                Conj/Fire      ######....   4%          6    ####...
 Gell's Gravitas          Tloc           ###.......   7%          3    None
 Lesser Beckoning         Tloc           ###.......   7%          3    None
 Spider Form              Tmut/Pois      ###.......   7%          3    None
 Teleport Other           Tloc           ###.....     7%          3    None
 Yara's Violent Unravell  Hex/Tmut       ####......   9%          5    None
 Leda's Liquefaction      Hex/Erth       ####......   12%         4    None
 Passage of Golubria      Tloc           N/A          22%         4    None
 Petrify                  Tmut/Erth      ###.....     22%         4    None
 Blade Hands              Tmut           ###.......   52%         5    None
 Ring of Flames           Chrm/Fire      ###.......   100%        7    #####..
 Shatter                  Erth           ###.......   100%        9    #######
 Statue Form              Tmut/Erth      Unusable     N/A         6    N/A

Dungeon Overview and Level Annotations

Branches:
Dungeon (15/15)            Temple (1/1) D:5            Lair (6/6) D:8
  Swamp (4/4) Lair:3       Spider (0/4) Lair:4        Slime (0/5) Lair:5
    Orc (2/2) D:9             Elf (0/3) Orc:2        Vaults (1/5) D:14
 Depths (0/5) D:15          IceCv (visited)

Altars:
Ashenzari
Cheibriados
Dithmenos
Elyvilon
Fedhas
Gozag
Hepliaklqana
Kikubaaqudgha
Makhleb
Nemelex Xobeh
Okawaru
Qazlal
Ru
Sif Muna
Trog
Uskayaw
Vehumet
Wu Jian
Xom
Yredelemnul
Zin
The Shining One

Shops:
D:6 *!:   D:10 [   D:12 [   D:15 *}   Orc:1 [   Orc:2 (:[**

Portals:
Trove: D:11 (give 17 scrolls of teleportation)

Annotations:
Lair:2 exclusion: oklob plant


Innate Abilities, Weirdness & Mutations

You are resistant to torment.
Your stone body is resilient. (AC +12)
You are immune to poison.
Your large and strong wings let you fly indefinitely.
You resist negative energy. (rN+)
You are resistant to electric shocks. (rElec)
You can survive without breathing.
You are immune to petrification.
You are immune to rotting.
You are resistant to hostile enchantments. (MR+)


Message History

There is an open door here.
A wizard comes into view. It is wielding a +0 dagger.
You are too injured to fight recklessly!
You are too injured to fight recklessly!
You are too injured to fight recklessly!
A deep elf archer comes into view. It is wielding a +0 dagger.
The wizard gestures at you while chanting.
The crystal spear hits you!!
* * * LOW HITPOINT WARNING * * *
The deep elf archer moves out of view.
There is an open door here.
Casting: Fulminant Prism (safe; 1% risk of failure)
Confirm with . or Enter, or press ? or * to list all spells.
The heat is drained from your surroundings.
You feel very cold.
The wizard is frozen.
The wizard is severely wounded.
You are near starving!
The wizard points at you and mumbles some strange words.
The crystal spear hits you!!!
You die...

########################
............)...........
........)).(...p........
######..).######@####...
#....# #...(..# #....#
#......# #....# #....(.#
#....# #....∩.# #....#
#......# #....# #......#
#...[..# #......#


You could see a wizard.

Vanquished Creatures
  Frances (Swamp:1)
  Kirke (Lair:4)
  An orc warlord (Orc:2)
  20 hydras
  3 ghost crabs
  4 shambling mangroves
  8 vault guards (D:14)
  7 centaur warriors
  An ogre mage (D:15)
  4 two-headed ogres (D:15)
  11 alligators
  5 orc high priests (Orc:2)
  Urug (D:11)
  5 spriggans
  4 spriggan druids
  7 skeletal warriors
  4 unseen horrors
  An unseen horror (shapeshifter) (Lair:6)
  11 swamp dragons
  A wizard (Swamp:1)
  An orb spider (shapeshifter) (D:13)
  A harpy (Lair:6)
  5 orc sorcerers
  2 orc knights
  3 manticores
  3 deep elf magi
  18 ugly things
  5 cyclopes
  A salamander (shapeshifter) (D:14)
  3 ice statues (IceCv)
  3 black mambas
  16 spiny frogs
  2 naga magi (D:15)
  2 gargoyles (D:14)
  An efreet (D:15)
  5 kobold demonologists
  2 rime drakes (Lair:6)
  8 komodo dragons
  A tengu conjurer (D:14)
  3 meliai (D:15)
  A guardian mummy (D:11)
  4 trolls
  A wind drake (Lair:6)
  9 blink frogs
  13 hornets
  9 tyrant leeches
  4 polar bears
  16 slime creatures
  A harpy skeleton (D:15)
  9 bog bodies
  6 hippogriffs
  2 shadows
  Sigmund (D:3)
  A wraith (D:12)
  3 wyverns (Lair:6)
  A vampire (D:13)
  2 hogs (Lair:4)
  2 basilisks
  Eustachio (D:4)
  24 yaks
  16 vampire mosquitoes
  2 hungry ghosts
  14 insubstantial wisps
  16 swamp worms
  6 wargs
  An acid dragon (D:13)
  13 water moccasins
  6 porcupines
  14 swamp drakes
  14 ice beasts
  A black bear (Lair:5)
  27 orc warriors
  5 phantoms
  4 sky beasts
  3 boggarts (Lair:5)
  12 wolves
  20 centaurs
  2 necrophages
  17 ogres
  14 crocodiles
  2 big kobolds
  13 bullfrogs
  2 gnoll sergeants
  4 scorpions
  4 killer bees (D:8)
  An electric eel (Lair:4)
  3 wights (D:14)
  3 howler monkeys (D:9)
  6 crimson imps
  3 bullfrog zombies
  A quasit (D:8)
  A centaur zombie (D:5)
  6 hounds
  2 jellies
  13 orc priests
  Crazy Yiuf (D:3)
  3 bullfrog skeletons
  Jessica (D:3)
  4 centaur skeletons
  4 iguanas
  13 orc wizards
  9 worker ants
  4 hell rats (Lair:6)
  3 ogre zombies (D:9)
  18 gnolls
  16 adders
  A howler monkey skeleton (D:11)
  7 shadow imps
  An ooze (D:5)
  An adder zombie (D:9)
  3 adder skeletons
  2 worms (D:5)
  3 dart slugs (D:1)
  8 leopard geckos
  70 orcs
  A ball python (D:2)
  8 bats
  5 giant cockroaches
  10 goblins
  5 hobgoblins
  8 jackals
  17 kobolds
  9 quokkas
  A frilled lizard (D:1)
  A goblin skeleton (D:9)
  4 goblin zombies (D:9)
  A hobgoblin skeleton (D:9)
  3 hobgoblin zombies (D:9)
  A leopard gecko skeleton (D:5)
  2 orc skeletons (D:9)
  4 orc zombies (D:9)
  A quokka zombie (D:5)
  7 rats
  26 fungi
  7 plants
859 creatures vanquished.

Vanquished Creatures (collateral kills)
  A hydra (Lair:2)
  A merfolk avatar (Lair:6)
  An alligator (Swamp:1)
  A two-headed ogre (D:8)
  2 skeletal warriors
  A swamp dragon (Swamp:4)
  A manticore (D:14)
  3 ugly things
  An elephant (Lair:6)
  A black mamba (Lair:6)
  4 spiny frogs
  3 rime drakes
  A wind drake (Lair:6)
  3 polar bears (Lair:6)
  A troll (Orc:2)
  A hornet (Lair:6)
  A hippogriff (Lair:4)
  A meliai zombie (D:15)
  A shadow (D:14)
  A wraith (D:9)
  7 yaks
  A basilisk (Lair:6)
  A swamp worm (Lair:3)
  2 water moccasins (Lair:6)
  2 porcupines
  An orc warrior (Orc:2)
  3 ice beasts
  5 wolves
  2 troll zombies (D:9)
  An electric eel (Lair:4)
  An ogre zombie (D:9)
  A goblin zombie (D:9)
  2 orc zombies (D:9)
59 creatures vanquished.

Vanquished Creatures (others)
  A yak (D:9)
  A human (Lair:4)
  An ice beast (IceCv)
  A boggart (Lair:5)
  A bullfrog (Lair:4)
  A killer bee zombie (D:9)
  An adder (D:7)
  An orc zombie (D:9)
  A bush (Lair:6)
  49 fulminant prisms
  13 fungi
  30 plants
101 creatures vanquished.

Grand Total: 1019 creatures vanquished

Notes
Turn   | Place    | Note
-------+----------+-------------------------------------------
     0 | D:1      | DearestLeader the Gargoyle Ice Elementalist began the quest
                  | for the Orb.
     0 | D:1      | Reached XP level 1. HP: 10/10 MP: 3/3
    65 | D:1      | Reached XP level 2. HP: 14/15 MP: 0/5
   577 | D:1      | Reached XP level 3. HP: 19/19 MP: 4/6
   584 | D:1      | Learned a level 3 spell: Frozen Ramparts
   695 | D:1      | Reached skill level 5 in Ice Magic
  1308 | D:2      | Reached XP level 4. HP: 22/24 MP: 2/7
  1637 | D:2      | Found a shadowy altar of Dithmenos.
  2092 | D:3      | Noticed Jessica
  2097 | D:3      | Killed Jessica
  2097 | D:3      | Reached skill level 6 in Ice Magic
  2097 | D:3      | Reached XP level 5. HP: 23/28 MP: 5/8
  2295 | D:3      | Found a basalt altar of Yredelemnul.
  2680 | D:3      | Found a runed translucent door.
  2681 | D:3      | Noticed Crazy Yiuf
  2710 | D:3      | Killed Crazy Yiuf
  3040 | D:3      | Noticed Sigmund
  3047 | D:3      | Killed Sigmund
  3047 | D:3      | Reached skill level 7 in Ice Magic
  3047 | D:3      | Reached XP level 6. HP: 32/32 MP: 3/9
  3218 | D:3      | Found a white marble altar of Elyvilon.
  3380 | D:4      | Noticed a phantom
  3402 | D:4      | Reached skill level 8 in Ice Magic
  3413 | D:4      | Reached XP level 7. HP: 12/36 MP: 2/10
  3757 | D:4      | Noticed Eustachio
  3779 | D:4      | Killed Eustachio
  3915 | D:4      | Reached skill level 9 in Ice Magic
  3921 | D:4      | Learned a level 4 spell: Summon Ice Beast
  3926 | D:4      | Learned a level 4 spell: Hailstorm
  4125 | D:4      | Reached XP level 8. HP: 41/41 MP: 5/13
  4219 | D:4      | Reached skill level 1 in Summonings
  4448 | D:5      | Entered Level 5 of the Dungeon
  4920 | D:5      | Found a staircase to the Ecumenical Temple.
  4941 | Temple   | Entered the Ecumenical Temple
  5068 | D:5      | Got a fine buckler
  5381 | D:5      | Reached skill level 10 in Ice Magic
  5381 | D:5      | Reached XP level 9. HP: 45/45 MP: 11/15
  5494 | D:5      | Reached skill level 1 in Conjurations
  5910 | D:6      | Learned a level 4 spell: Fulminant Prism
  5929 | D:6      | Found Ixzat's Distillery.
  5932 | D:6      | Found Plog's General Store.
  5937 | D:6      | Bought 2 potions of heal wounds for 130 gold pieces
  5937 | D:6      | Bought a potion of heal wounds for 65 gold pieces
  6068 | D:6      | Reached skill level 5 in Spellcasting
  6232 | D:6      | Found Queplad's Book Emporium.
  6811 | D:7      | Found a shimmering altar of Xom.
  6871 | D:7      | Reached skill level 11 in Ice Magic
  7345 | D:7      | Noticed a deep elf mage
  7352 | D:7      | Killed a deep elf mage
  7352 | D:7      | Reached skill level 5 in Conjurations
  7352 | D:7      | Reached XP level 10. HP: 45/50 MP: 14/18
  7945 | D:8      | Found a staircase to the Lair.
  8066 | D:8      | Identified the +1 leather armour of the Barracuda {rC-
                  | Str+3 Dex+5}
  8073 | D:8      | Found a radiant altar of Vehumet.
  8082 | D:8      | Found a sparkling altar of Nemelex Xobeh.
  8089 | D:8      | Became a worshipper of Vehumet
  8132 | D:8      | Found a shattered altar of Ashenzari.
  8612 | D:8      | Found a shadowy altar of Dithmenos.
  8694 | D:8      | Noticed a two-headed ogre
  8704 | D:8      | Killed a two-headed ogre
  8954 | D:9      | Reached skill level 12 in Ice Magic
  8970 | D:9      | Reached * piety under Vehumet
  8970 | D:9      | Offered knowledge of Shock by Vehumet.
  9418 | D:9      | Found a glowing golden altar of the Shining One.
  9576 | D:9      | Found a staircase to the Orcish Mines.
  9743 | D:9      | Reached XP level 11. HP: 46/54 MP: 13/21
  9787 | D:9      | Reached ** piety under Vehumet
  9787 | D:9      | Offered knowledge of Foxfire by Vehumet.
 10137 | D:9      | Found a radiant altar of Vehumet.
 10171 | D:9      | Found a bloodstained altar of Trog.
 10172 | D:9      | Found an iron altar of Okawaru.
 10429 | Lair:1   | Entered Level 1 of the Lair of Beasts
 10440 | Lair:1   | Reached skill level 1 in Shields
 10440 | Lair:1   | Reached skill level 1 in Hexes
 12081 | Lair:2   | Offered knowledge of Stone Arrow by Vehumet.
 12330 | Lair:2   | Identified the cursed +0 buckler of Words of Power {Str+6
                  | Int-5 Stlth+} (You found it on level 5 of the Dungeon)
 12725 | Lair:2   | Noticed an oklob plant
 13178 | Lair:2   | Noticed a four-headed hydra
 13184 | Lair:2   | Killed a four-headed hydra
 13567 | Lair:3   | Reached *** piety under Vehumet
 13601 | Lair:3   | Reached skill level 1 in Fighting
 13601 | Lair:3   | Reached XP level 12. HP: 52/60 MP: 23/23
 13903 | Lair:3   | Reached skill level 10 in Conjurations
 14147 | Lair:3   | Found a frozen archway.
 14173 | Lair:3   | Reached skill level 13 in Ice Magic
 14217 | Lair:3   | Noticed an eight-headed hydra
 14232 | Lair:3   | Killed an eight-headed hydra
 14232 | Lair:3   | Offered knowledge of Olgreb's Toxic Radiance by Vehumet.
 14844 | Lair:3   | Found a staircase to the Swamp.
 14844 | Lair:3   | Noticed an eight-headed hydra
 15462 | Lair:3   | Killed an eight-headed hydra
 15557 | Lair:4   | Found a hole to the Spider Nest.
 15589 | Lair:4   | Noticed Kirke
 15604 | Lair:4   | Killed Kirke
 15604 | Lair:4   | Reached skill level 5 in Fighting
 15814 | Lair:4   | Reached **** piety under Vehumet
 16318 | Lair:4   | You fall into a shaft and drop 2 floors!
 16318 | Lair:6   | Entered Level 6 of the Lair of Beasts
 16928 | Lair:5   | Offered knowledge of Static Discharge by Vehumet.
 17072 | Lair:5   | Reached XP level 13. HP: 74/74 MP: 18/25
 17290 | Lair:5   | Found a staircase to the Slime Pits.
 19101 | Lair:6   | Learned a level 6 spell: Freezing Cloud
 19325 | Lair:6   | Reached ***** piety under Vehumet
 19325 | Lair:6   | Offered knowledge of Ozocubu's Refrigeration by Vehumet.
 19333 | Lair:6   | Learned a level 6 spell: Ozocubu's Refrigeration
 20817 | Orc:1    | Entered Level 1 of the Orcish Mines
 20867 | Orc:1    | Found a frozen archway.
 20888 | IceCv    | Entered an ice cave
 21479 | IceCv    | Got a faintly humming leather armour
 21666 | Orc:1    | Found a bloodstained altar of Trog.
 21811 | Orc:1    | Found Amikedd's Armour Shop.
 21826 | Orc:1    | Bought a +2 pair of gloves for 181 gold pieces
 22307 | Orc:2    | Entered Level 2 of the Orcish Mines
 22325 | Orc:2    | Found Beamm's Assorted Antiques.
 22366 | Orc:2    | Found Negoyquhe's Antique Armour Boutique.
 22370 | Orc:2    | Reached skill level 5 in Dodging
 22400 | Orc:2    | Bought a pair of runed boots for 195 gold pieces
 22400 | Orc:2    | Bought a shimmering robe for 148 gold pieces
 22400 | Orc:2    | Bought a runed helmet for 195 gold pieces
 22424 | Orc:2    | Gained mutation: You are resistant to hostile enchantments.
                  | (MR+) [a neqoxec]
 22427 | Orc:2    | Gained mutation: Your large and strong wings let you fly
                  | indefinitely. [Gargoyle growth]
 22427 | Orc:2    | Reached XP level 14. HP: 83/83 MP: 12/27
 22601 | Orc:2    | Found Ohuic's Book Boutique.
 22700 | Orc:2    | Noticed an orc warlord
 22706 | Orc:2    | Reached skill level 10 in Spellcasting
 22709 | Orc:2    | Reached skill level 14 in Ice Magic
 22709 | Orc:2    | Killed an orc warlord
 22722 | Orc:2    | Found Fuuweo's Antique Weapon Shop.
 23040 | Orc:2    | Found Leleir's General Store.
 23325 | Orc:2    | Found a staircase to the Elven Halls.
 23625 | Orc:2    | Identified the +0 robe "Eceanod" {Harm Dex-5 Stlth+} (You
                  | bought it in a shop on level 2 of the Orcish Mines)
 23720 | D:10     | Entered Level 10 of the Dungeon
 23720 | D:10     | Found a snail-covered altar of Cheibriados.
 23720 | D:10     | Found Cheibriados's Comfort Zone.
 23758 | D:10     | Found a shimmering blue altar of Sif Muna.
 24674 | D:11     | Offered knowledge of Irradiate by Vehumet.
 24744 | D:11     | Found a portal to a secret trove of treasure.
 25620 | D:11     | Noticed Urug
 25637 | D:11     | Killed Urug
 26182 | D:12     | Found Keaj's Armour Boutique.
 26199 | D:12     | Bought a +0 buckler for 67 gold pieces
 27936 | D:14     | Got a slimy zirconium amulet
 27937 | D:14     | Identified the amulet "Fesaut" {Spirit MR- Int+3 Dex+3}
                  | (You found it on level 14 of the Dungeon)
 28464 | D:14     | Offered knowledge of Lee's Rapid Deconstruction by Vehumet.
 29215 | D:14     | Reached XP level 15. HP: 90/90 MP: 23/30
 29721 | D:14     | Found a gate to the Vaults.
 30245 | D:15     | Entered Level 15 of the Dungeon
 30457 | D:15     | Offered knowledge of Spellforged Servitor by Vehumet.
 30457 | D:15     | Reached skill level 15 in Ice Magic
 30520 | D:15     | Identified the Guide on Torrid Protection
 30565 | D:15     | Found Aley's Gadget Emporium.
 30811 | D:15     | Found an opulent altar of Gozag.
 30811 | D:15     | Found Gozag's Platinum Reserve.
 31834 | D:15     | Reached skill level 10 in Fighting
 32002 | D:15     | Found a staircase to the Depths.
 32474 | Orc:2    | Bought a runed demon whip for 630 gold pieces
 32639 | Swamp:1  | Entered Level 1 of the Swamp
 32774 | Swamp:1  | Reached skill level 1 in Maces & Flails
 33020 | Swamp:1  | Offered knowledge of Orb of Destruction by Vehumet.
 33020 | Swamp:1  | Reached XP level 16. HP: 97/97 MP: 19/32
 33179 | Swamp:1  | Noticed Frances
 33202 | Swamp:1  | Killed Frances
 35113 | Swamp:3  | Reached skill level 16 in Ice Magic
 35809 | Swamp:3  | Reached skill level 5 in Maces & Flails
 36316 | Swamp:4  | Entered Level 4 of the Swamp
 37069 | Swamp:4  | Reached XP level 17. HP: 97/102 MP: 31/34
 37231 | Swamp:4  | Reached ****** piety under Vehumet
 37231 | Swamp:4  | Offered knowledge of Lightning Bolt by Vehumet.
 37586 | Swamp:4  | Got a decaying rune of Zot
 38623 | Vaults:1 | Entered Level 1 of the Vaults
 38680 | Vaults:1 | HP: 2/102 [wizard/crystal spear (35)]
 38681 | Vaults:1 | Killed from afar by a wizard

Illustrated notes

Levels and vault maps discovered:
D:1:      minmay_arrival_statue_studded, layout_basic
D:2:      layout_rooms, nicolae_dithmenos_through_a_glass_darkly
D:3:      layout_basic, kennysheep_ying_yang, first_ration, uniq_sigmund,
          uniq_crazy_yiuf_cottage, uniq_jessica
D:4:      layout_cave_pools, uniq_eustachio
D:5:      layout_basic, temple_pool_b, cheibrodos_sewer_entry_bend
D:6:      layout_basic, serial_shops, shop, kennysheep_mini,
          nicolae_shop_temple_entry_statues_fountains, minmay_joined_circles
D:7:      layout_rooms, xom_teletrap_fun, grunt_ogre_cave,
          guppyfry_early_elven_hall
D:8:      layout_basic, marbit_many_paths, ashenzari_conservatory_becter,
          minitemple, david_lair_shrubbed
D:9:      lemuel_flame_loot_2, layout_rooms, overflow_temple_1_default,
          grunt_temple_overflow_bloody_war, zombieorc1_lemuel, basic_altar,
          nicolae_underground_beach
D:10:     layout_roguey, basic_altar, serial_rivers,
          chequers_serial_rivers_micro_a, chequers_serial_rivers_micro_d,
          chequers_serial_rivers_small_3, chequers_serial_rivers_small_a,
          chequers_serial_rivers_micro_e, minmay_misc_feat_x, roderic_lattice_a,
          minmay_shop_chei, minmay_holes
D:11:     layout_loops_corners, nicolae_trove_entry_path_of_doom, uniq_urug
D:12:     layout_irregular_city, serial_shops, shop, serial_column_ruins,
          column_ruins_hut, column_ruins_grid_1, column_ruins_grid_4,
          column_ruins_open_small, column_ruins_columns_straight,
          column_ruins_columns_dead_end
D:13:     layout_roguey
D:14:     layout_long_grid, erik_vaults_2, serial_bayou_pond_c
D:15:     grunt_enter_depths_magical_seal, layout_long_grid, serial_shops, shop,
          nicolae_gozag_zags_fifth_avenue
Temple:   nicolae_temple_no_exploring_needed
Lair:1:   layout_cave_pods
Lair:2:   layout_cave_pods, minmay_lair_oklob_chamber,
          infiniplex_staircase_pool_2, grunt_megastairs_1
Lair:3:   layout_regular_city, palyth_hydra_swamp_entry,
          portal_ice_cave_entry_ice_beasts, grunt_megastairs_2
Lair:4:   layout_concentric_octagons, dummy_spider_entry, serial_bayou_lagoon_b,
          uniq_kirke
Lair:5:   layout_regular_city, slime_dummy, minmay_stone_trees_large,
          serial_bayou_pond_a, kilobyte_rumbling_trees, serial_bayou_shore_a
Lair:6:   gammafunk_lair_ancient_temple, layout_regular_city
Swamp:1:  layout_falls_marsh, evilmike_swamp_ruin_house_3, grunt_witch_cave,
          uniq_frances
Swamp:2:  layout_basic_swamp, wheals_swamp_sinkhole, infiniplex_staircase_pool
Swamp:3:  layout_falls_marsh, evilmike_swamp_ruin_house_4
Swamp:4:  swamp_alternative, layout_basic_swamp
Orc:1:    layout_caves, portal_ice_cave_entry_pillars_1, serial_shops,
          nicolae_shop_statue_plus, nicolae_volcano_entry_hallway,
          nicolae_orc_bridge_out, trog_book
Orc:2:    grunt_orc_gardens, layout_caves, grunt_orc_garden, grunt_orc_garden,
          grunt_orc_garden, grunt_orc_garden, serial_shops,
          nicolae_shop_behind_doors
Vaults:1: dpeg_vaults_waves, v_alt_pattern_5, hangedman_vaults_restitches,
          grunt_vaults_focal, grunt_vaults_diagonal, vaults_room_door_hall,
          vaults_room_grid, ontoclasm_vaults_chip, layout_vaults_omnigrid,
          uniq_asterion

Skill      XL: |  1  2  3  4  5  6  7  8  9 10 11 12 13 14 15 16 17 |
---------------+----------------------------------------------------+-----
Ice Magic      | 5 6 7 8 9 10 11 12 13 14 15 16 | 16.6
Spellcasting   | 3 4 5 6 7 8 9 11 12 13 | 13.2
Summonings     | 4 |  4.0
Conjurations   | 5 7 9 11 12 13 14 | 14.7
Shields        | 4 |  4.4
Hexes          | 3 |  3.1
Fighting       | 1 5 7 9 10 | 10.0
Dodging        | 3 5 6 7 8 |  8.5
Maces & Flails | 1 6 7 |  7.3
Stealth        | |  2.1

Action                   |  1- 3 |  4- 6 |  7- 9 | 10-12 | 13-15 | 16-18 || total
-------------------------+-------+-------+-------+-------+-------+-------++-------
Melee: Unarmed           |    12 |       |       |       |       |       ||    12
       Dagger            |     8 |    25 |       |     7 |   494 |       ||   534
       Quarterstaff      |       |    26 |   189 |   330 |   328 |       ||   873
       Demon whip        |       |       |       |       |    13 |   268 ||   281
 Fire: Hunting sling     |       |       |       |    14 |    47 |     3 ||    64
 Cast: Freeze            |    42 |    35 |     5 |    34 |    30 |     1 ||   147
       Frozen Ramparts   |       |     7 |    22 |    55 |    79 |     4 ||   167
       Summon Ice Beast  |       |       |     4 |    47 |    54 |     7 ||   112
       Hailstorm         |       |       |       |    18 |    22 |       ||    40
       Fulminant Prism   |       |       |       |    10 |    25 |    14 ||    49
       Ozocubu's Refrige |       |       |       |       |    82 |    79 ||   161
       Freezing Cloud    |       |       |       |       |     4 |    23 ||    27
 Abil: Fly               |       |       |       |       |     1 |       ||     1
Evoke: Wand              |       |       |       |       |       |     2 ||     2
  Use: Scroll            |       |       |     5 |    10 |    10 |     6 ||    31
       Potion            |       |       |     1 |     1 |     1 |       ||     3
 Stab: Sleeping          |       |     2 |       |     3 |     1 |       ||     6
       Paralysed         |       |       |     8 |       |     6 |       ||    14
       Distracted        |       |       |       |       |     1 |     1 ||     2
       Petrified         |       |       |       |       |     6 |       ||     6
  Eat: Chunk             |     2 |     7 |    16 |    24 |    52 |    17 ||   118
       Ration            |       |       |     1 |     3 |     6 |     4 ||    14
Armor: Robe              |    18 |    18 |    79 |   149 |   499 |   119 ||   882
Dodge: Dodged            |    28 |    71 |   175 |   401 |   908 |   211 ||  1794
Block: Buckler           |       |       |       |       |   144 |    49 ||   193
